 Dungeon Crawl Stone Soup version 0.30.1-9-gdf580d7c3d (webtiles) character file.

Game seed: 307509362538793859

62 Peloso the Trooper (level 4, -6/37 HPs)
             Began as a Merfolk Fighter on Sept 24, 2023.
             Mangled by Sigmund
             ... wielding a +0 scythe
              (9 damage)
             ... on level 2 of the Dungeon.
             The game lasted 00:02:05 (929 turns).

Peloso the Trooper (Merfolk Fighter)                 Turns: 929, Time: 00:02:06

Health: -6/37      AC:  6    Str: 18    XL:     4   Next: 8%
Magic:  4/4        EV:  9    Int:  7    God:
Gold:   65         SH:  4    Dex: 13    Spells: 3/3 levels left

rFire   . . .        a - +0 long sword
rCold   . . .        c - +0 buckler
rNeg    . . .        b - +0 scale mail
rPois   .            (no helmet)
rElec   .            (no cloak)
rCorr   .            (no gloves)
SInv    .            (no boots)
Will    .....        (no amulet) Stlth
                     (no ring)
HPRegen 0.26/turn    (no ring)
MPRegen 0.09/turn

%: no passive effects
@: no status effects
A: (nimble swimmer 2), mertail
a: no special abilities


You were on level 2 of the Dungeon.
You visited 1 branch of the dungeon, and saw 2 of its levels.

You collected 65 gold pieces.

Inventory:

Hand Weapons
 a - a +0 long sword (weapon)
Missiles
 k - a throwing net (quivered)
Armour
 b - a +0 scale mail (worn)
 c - a +0 buckler (worn)
Scrolls
 f - a scroll of teleportation {unknown}
 g - 4 scrolls of identify {unknown}
 i - a scroll of fear {unknown}
 j - a scroll of enchant weapon {unknown}
Potions
 d - 2 potions of might
 e - 2 potions of haste
 h - a potion of degeneration {unknown}
 l - a potion of brilliance {unknown}
 m - a potion of heal wounds {unknown}
 n - a potion of lignification {unknown}


   Skills:
 + Level 4.0 Fighting
 + Level 3.5 Long Blades
 + Level 2.4 Armour
 + Level 1.0 Dodging
 + Level 3.2 Shields


You had 3 spell levels left.
You didn't know any spells.
Your spell library contained the following spells:

 Spells                   Type           Power      Damage    Failure   Level
 Blink                    Tloc           0%         N/A       96%         2
 Lesser Beckoning         Tloc           0%         N/A       96%         2
 Momentum Strike          Conj/Tloc      0%         3d8       96%         2


Dungeon Overview and Level Annotations

Branches:
Dungeon (2/15)

Altars:

Annotations:
D:2 Sigmund


Innate Abilities, Weirdness & Mutations

((You are very nimble when in or above water. (Stealth+, EV+, Speed+++)))
Your lower body shifts to a powerful aquatic tail in water.


Message History

You miss the adder.
The adder is almost dead.
The adder closely misses you. You block the adder's attack.
You hit the adder.
You kill the adder!
Your Fighting skill increases to level 4!
You have reached level 4!
You barely miss the gnoll. The gnoll hits you but does no damage.
The gnoll hits you from afar with a +0 halberd.
You hit the gnoll but do no damage. The gnoll hits you with a +0 flail.
Sigmund the Dreaded comes into view.
He is wielding a +0 scythe and wearing a +2 robe of positive energy.
The gnoll hits you from afar with a +0 halberd. x2
Sigmund shouts!
You hit the gnoll but do no damage.
The gnoll hits you from afar with a +0 halberd.
* * * LOW HITPOINT WARNING * * *
The gnoll barely misses you.
You slash the gnoll!
The gnoll is almost dead.
Sigmund drinks a potion.
Sigmund seems to speed up.
The gnoll barely misses you. The gnoll hits you with a +0 whip.
* * * LOW HITPOINT WARNING * * *
Unknown command.
The gnoll attacks as you move away! The gnoll hits you with a +0 whip.
* * * LOW HITPOINT WARNING * * *
The gnoll throws a throwing net.
The throwing net hits you.
You become entangled in the net!
You see here a throwing net.
You struggle against the net.
Sigmund barely misses you.
You struggle against the net.
Sigmund barely misses you. The gnoll hits you with a +0 whip.
* * * LOW HITPOINT WARNING * * *
You rip the net and break free!
Sigmund closely misses you. The gnoll barely misses you.
The gnoll attacks as you move away! The gnoll closely misses you.
The gnoll attacks as you move away! The gnoll barely misses you.
Sigmund whispers, "You'll know eternity soon."
You block Sigmund's attack.
Sigmund hits you from afar with a +0 scythe!
You die...

#......#. #######.......$
...gg.........> # #g#
####'####'## ........g..#
.......@.gg# ........[..#
.........@.# #.#
########..## #.# ##
####..######.# .# ######
#..........#.# .# #....#
#..........#.# .# #.##.#
#..........#.# .#
#.##.###..........#.# ##
#.##...'..........#.#
#####.######..........#†#


You could see Sigmund (fast) and 4 gnolls.

Vanquished Creatures
  2 adders (D:2)
  A worm (D:2)
  7 ball pythons
  2 bats
  5 endoplasms
  2 giant cockroaches (D:1)
  5 goblins
  3 hobgoblins
  A quokka (D:2)
  4 frilled lizards
  2 kobolds (D:1)
  3 rats
37 creatures vanquished.

Notes
Turn   | Place    | Note
-------+----------+-------------------------------------------
     0 | D:1      | Peloso the Merfolk Fighter began the quest for the Orb.
     0 | D:1      | Reached XP level 1. HP: 18/18 MP: 1/1
    72 | D:1      | Reached XP level 2. HP: 24/24 MP: 2/2
   455 | D:1      | Reached XP level 3. HP: 30/30 MP: 3/3
   758 | D:2      | Reached skill level 1 in Dodging
   919 | D:2      | Reached skill level 4 in Fighting
   919 | D:2      | Reached XP level 4. HP: 28/37 MP: 4/4
   920 | D:2      | Noticed Sigmund
   929 | D:2      | Mangled by Sigmund

Illustrated notes

Levels and vault maps discovered:
D:1:      dpeg_arrival_ternary, layout_rooms
D:2:      layout_basic, minmay_split_cup_large, uniq_sigmund

Skill      XL: |  1  2  3 |
---------------+----------+-----
Long Blades    | 3 |  3.5
Dodging        | 1 |  1.0
Fighting       | 4 |  4.0
Armour         | |  2.4
Shields        | |  3.2

Action                     |  1- 3 |  4- 6 || total
---------------------------+-------+-------++-------
  Melee: Long sword        |   112 |     4 ||   116
 Armour: Scale mail        |    63 |     1 ||    64
  Dodge: Dodged            |    50 |     8 ||    58
  Block: Buckler           |    26 |     1 ||    27
